 Dungeon Crawl Stone Soup version 0.13.2 (console) character file.

2679 Kagalorn the Cleaver (level 9, -3/72 HPs)
             Began as a Minotaur Fighter on Apr 6, 2020.
             Killed from afar by an orc wizard (8 damage)
             ... with a magic dart
             ... on Level 6 of the Dungeon.
             The game lasted 00:20:54 (5054 turns).

Kagalorn the Cleaver (Minotaur Fighter)             Turns: 5054, Time: 00:20:55

HP  -3/72        AC 13     Str 23      XL: 9   Next: 15%
MP   3/3         EV  5     Int  5      God:
Gold 433         SH 19     Dex 11      Spells:  0 memorised,  8 levels left

Res.Fire  : . . .   See Invis. : .   a - +0,-1 hand axe
Res.Cold  : . . .   Warding    : .   v - +0 dwarf chain mail
Life Prot.: . . .   Conserve   : .   c - +0 shield
Res.Poison: .       Res.Corr.  : .   p - +0 cap
Res.Elec. : .       Clarity    : .   C - +0 cloak
Sust.Abil.: . .     Spirit.Shd : .   e - +0 pair of gloves
Res.Mut.  : .       Stasis     : .   K - +0 pair of boots
Res.Rott. : .       Flight     : .   (no amulet)
Saprovore : . . .                    (no ring)
                                     z - ring of sustenance

@: slightly resistant to hostile enchantments, extremely unstealthy
A: retaliatory headbutt, horns 2
a: no special abilities


You were on level 6 of the Dungeon.
You were not hungry.

You visited 1 branch of the dungeon, and saw 6 of its levels.
You also visited: Ossuary.

You collected 413 gold pieces.

Inventory:

Hand weapons
 a - a +0,-1 hand axe (weapon)
 b - a +0,+1 sling of flame
Missiles
 g - 46 bolts
 j - 35 darts (quivered)
 k - 20 darts of flame
 m - 112 sling bullets
 o - 108 arrows
 s - 158 stones
 w - a throwing net
 y - 10 poisoned needles
 O - 2 poisoned javelins
Armour
 c - a +0 shield (worn)
 e - a +0 pair of gloves (worn)
 p - a +0 cap (worn)
 v - a +0 dwarven chain mail (worn)
 C - a +0 cloak (worn)
 K - a +0 pair of boots (worn)
Magical devices
 r - a wand of frost (11)
 u - a wand of fireball (5) {unknown}
 F - a wand of frost (5)
 I - a wand of slowing (9)
Comestibles
 d - 3 bread rations
 n - 3 chunks of orc flesh
 D - 3 meat rations
 P - a choko
Scrolls
 l - a scroll of curse armour {unknown}
 q - 2 scrolls of fog {unknown}
 x - 4 scrolls of remove curse
 B - 2 scrolls of teleportation {unknown}
 E - a scroll of enchant weapon I {unknown}
 N - 2 scrolls of enchant weapon II {unknown}
Jewellery
 z - a ring of sustenance (left hand)
 L - an uncursed ring of ice
Potions
 f - 4 potions of curing
 h - a potion of mutation
 i - 2 potions of brilliance
 t - a potion of degeneration
 A - 2 potions of paralysis
 G - 4 potions of heal wounds
 H - a potion of resistance


   Skills:
 - Level 3.6 Fighting
 + Level 14.0 Axes
 - Level 3.6 Armour
 - Level 3.6 Shields


You had 8 spell levels left.
You didn't know any spells.

Dungeon Overview and Level Annotations

Branches:
Dungeon (6/27)                Orc (0/4) D:6
 Temple: D:4-7

Altars:
Nemelex Xobeh
Trog
the Shining One


Innate Abilities, Weirdness & Mutations

You reflexively headbutt those who attack you in melee.
You have a pair of horns on your head.


Message History

The orc warrior barely misses you. You furiously retaliate!
You headbutt the orc warrior, but do no damage.
The orc throws an orcish dagger.
The orcish dagger hits you!
* * * LOW HITPOINT WARNING * * *
You see here an orcish dagger.
The giant eyeball stares at you.
You suddenly lose the ability to move!
The orc warrior picks up an orcish dagger.
The orc warrior hits you with an orcish whip.
* * * LOW HITPOINT WARNING * * *
You can move again.
The orc wizard casts a spell.
The orc wizard flickers and vanishes!
Deactivating autopickup; reactivate with Ctrl-A.
The orc warrior throws an orcish dagger.
The orcish dagger hits you!
* * * LOW HITPOINT WARNING * * *
The giant eyeball stares at you. You resist.
You see here an orcish dagger.
The magic dart hits you!
You die...

#..................# #.#....#
#.....####.##.####.# #.#....#
#.....# #........#.# #.#....#
#...<.# #...#.##.#.###.#....#
#...).# #...#.##.....#.#....#
#.....# #...#.##.^...#.#....#
####.####...#.##.....#.#....#
#.##.....................#
.######.##.#####@##.#####.#....#
................)#.## #.######
.#.......%.##....._.# #.#
.#.........##...o#.## #.#
..................#.#####.#
.#.........###..G......##.#
.#.........###.........##.#
........>..........o........
.#.....................##.#


You could see an orc warrior and a giant eyeball.

Vanquished Creatures
  A hill giant (D:6)
  An elf zombie (Ossuary)
  5 ogres
  A phantom (D:5)
  A centaur (D:5)
  An orc warrior (D:5)
  Sigmund (D:4)
  2 jellies (D:6)
  2 orc priests (D:3)
  A crimson imp (D:6)
  2 centaur zombies
  A black bear zombie (D:4)
  4 hounds
  Crazy Yiuf (D:3)
  A scorpion (D:5)
  2 orc wizards
  A worker ant (D:4)
  2 mummies (Ossuary)
  Terence (D:3)
  3 gnolls (D:3)
  6 adders
  A worm (D:3)
  A giant eyeball (D:5)
  3 giant geckos
  2 oozes
  25 orcs
  2 ball pythons
  2 giant cockroaches
  13 goblins
  13 hobgoblins
  2 quokkas
  12 bats
  2 giant newts (D:1)
  3 gnoll zombies (Ossuary)
  5 goblin zombies
  A hobgoblin skeleton (D:5)
  3 hobgoblin zombies (Ossuary)
  2 human zombies
  7 jackals
  10 kobolds
  An orc zombie (Ossuary)
  A quokka skeleton (D:5)
  11 rats
162 creatures vanquished.

Notes
Turn   | Place    | Note
--------------------------------------------------------------
     0 | D:1      | Kagalorn, the Minotaur Fighter, began the quest for the Orb.
     0 | D:1      | Reached XP level 1. HP: 19/19 MP: 0/0
   132 | D:1      | Reached XP level 2. HP: 20/26 MP: 0/0
   586 | D:1      | Reached skill level 4 in Axes
   760 | D:2      | Reached XP level 3. HP: 33/33 MP: 1/1
  1075 | D:2      | Found a sparkling altar of Nemelex Xobeh.
  1087 | D:2      | Reached skill level 5 in Axes
  1214 | D:2      | Reached XP level 4. HP: 39/39 MP: 1/1
  1559 | D:3      | Noticed Terence
  1585 | D:3      | Killed Terence
  1784 | D:3      | Reached skill level 6 in Axes
  1970 | D:3      | Reached XP level 5. HP: 37/46 MP: 1/1
  1989 | D:3      | Reached skill level 7 in Axes
  2322 | D:3      | Noticed Crazy Yiuf
  2346 | D:3      | Killed Crazy Yiuf
  2635 | D:4      | Noticed an ogre
  2642 | D:4      | Killed an ogre
  2642 | D:4      | Reached skill level 8 in Axes
  2642 | D:4      | Reached XP level 6. HP: 29/52 MP: 2/2
  2714 | D:4      | Found a sand-covered staircase.
  2793 | Ossuary  | Entered an ossuary
  2796 | Ossuary  | Noticed an elf zombie
  2819 | Ossuary  | Killed an elf zombie
  2819 | Ossuary  | Reached skill level 9 in Axes
  2819 | Ossuary  | Reached XP level 7. HP: 46/59 MP: 2/2
  3297 | D:4      | Found a glowing golden altar of the Shining One.
  3432 | D:4      | Reached skill level 10 in Axes
  3687 | D:5      | Entered Level 5 of the Dungeon
  3687 | D:5      | Noticed Sigmund
  3697 | D:4      | Killed Sigmund
  3746 | D:5      | Reached skill level 11 in Axes
  3746 | D:5      | Reached XP level 8. HP: 43/66 MP: 2/2
  4090 | D:5      | Reached skill level 12 in Axes
  4094 | D:5      | Found a sparkling altar of Nemelex Xobeh.
  4639 | D:6      | Found a bloodstained altar of Trog.
  4725 | D:6      | Reached skill level 13 in Axes
  4775 | D:6      | Noticed a hill giant
  4779 | D:6      | Paralysed by a giant eyeball for 4 turns
  4785 | D:6      | Paralysed by a giant eyeball for 3 turns
  4818 | D:6      | Killed a hill giant
  4818 | D:6      | Reached XP level 9. HP: 20/72 MP: 3/3
  4952 | D:6      | Reached skill level 14 in Axes
  4993 | D:6      | Found a staircase to the Orcish Mines.
  5043 | D:6      | Paralysed by a giant eyeball for 4 turns
  5050 | D:6      | Paralysed by a giant eyeball for 3 turns
  5054 | D:6      | Killed from afar by an orc wizard

Action                   |  1- 3 |  4- 6 |  7- 9 || total
-------------------------+-------+-------+-------++-------
Melee: Hand axe          |   114 |   164 |   387 ||   665
Throw: Dart              |     8 |    15 |     6 ||    29
  Use: Scroll            |       |       |     7 ||     7
